 Dungeon Crawl Stone Soup version 0.27.0-1-g7a089689b8 (webtiles) character file.

Game seed: 5101392153682987180

697 ZombieSheep the Sneak (level 7, 0/56 HPs)
             Began as a Gnoll Wanderer on Aug 11, 2021.
             Was an Initiate of Cheibriados.
             Slain by Menkaure (20 damage)
             ... on level 5 of the Dungeon.
             The game lasted 00:10:20 (4930 turns).

ZombieSheep the Sneak (Gnoll Wanderer)              Turns: 4930, Time: 00:10:21

Health: 0/56       AC:  6    Str: 11 (14) XL:     7   Next: 65%
Magic:  0/3        EV: 10    Int: 16 (19) God:    Cheibriados [......]
Gold:   192        SH:  0    Dex:  8 (10) Spells: 12/13 levels left

rFire    . . .     SeeInvis +   b - +7 trident of the Madman {vamp, rC+++ MP-9 Int+4 SInv}
rCold    + + +     Faith    .   (no shield)
rNeg     . . .     Spirit   +   i - +0 ring mail
rPois    .         Reflect  .   (no helmet)
rElec    .         Harm     .   (no cloak)
rCorr    .         Rampage  .   (no gloves)
Will     .....                  c - +0 pair of boots
Stlth    ++........             h - amulet of guardian spirit
HPRegen  0.18/turn              (no ring)
MPRegen  0.08/turn              (no ring)

@: very slow
A: fangs 1, strong nose, distributed training
a: Renounce Religion, Bend Time


You were on level 5 of the Dungeon.
You worshipped Cheibriados.
Cheibriados was noncommittal.
You visited 2 branches of the dungeon, and saw 6 of its levels.

You collected 192 gold pieces.

Inventory:

Hand Weapons
 a - a +3 spear
 b - the +7 trident of the Madman (weapon) {vamp, rC+++ MP-9 Int+4 SInv}
   (You found it on level 5 of the Dungeon)

   It occasionally heals its wielder for a portion of the damage dealt when it
   wounds a living foe.
   Int:       It affects your intelligence (+4).
   rC:        It renders you almost immune to cold.
   MP:        It affects your magic capacity (-9).
   SInv:      It lets you see invisible.
Missiles
 d - 2 javelins (quivered)
 j - 11 boomerangs
Armour
 c - a +0 pair of boots (worn)
 i - a +0 ring mail (worn)
Jewellery
 h - an amulet of guardian spirit (around neck)
Wands
 n - a wand of mindburst (1)
Potions
 e - 2 potions of flight
 f - a potion of cancellation
 g - a potion of curing
 l - a potion of degeneration


   Skills:
 + Level 5.3 Fighting
 + Level 2.6 Short Blades
 + Level 2.6 Long Blades
 + Level 2.6 Axes
 + Level 2.6 Maces & Flails
 + Level 2.6 Polearms
 + Level 2.6 Staves
 + Level 2.6 Slings
 + Level 2.6 Bows
 + Level 2.6 Crossbows
 + Level 2.6 Throwing
 + Level 2.6 Armour
 + Level 3.7 Dodging
 + Level 6.5 Stealth
 + Level 2.6 Shields
 + Level 2.6 Unarmed Combat
 + Level 3.9 Spellcasting
 + Level 3.0 Conjurations
 + Level 3.0 Hexes
 + Level 2.1 Summonings
 + Level 2.1 Necromancy
 + Level 2.1 Translocations
 + Level 2.1 Transmutations
 + Level 2.1 Fire Magic
 + Level 2.1 Ice Magic
 + Level 2.1 Air Magic
 + Level 2.1 Earth Magic
 + Level 2.1 Poison Magic
 + Level 2.9 Invocations
 + Level 3.7 Evocations


You had 12 spell levels left.
You knew the following spells:

 Your Spells              Type           Power      Damage    Failure   Level
a - Foxfire               Conj/Fire      44%        2x1d6     13%         1

Your spell library contained the following spells:

 Spells                   Type           Power      Damage    Failure   Level
 Blink                    Tloc           N/A        N/A       24%         2
 Corpse Rot               Necr/Air       N/A        N/A       24%         2
 Poisonous Vapours        Pois/Air       20%        N/A       24%         2
 Conjure Flame            Conj/Fire      11%        6-21      36%         3
 Freezing Cloud           Conj/Ice/Air   5%         6-21      98%         5
 Manifold Assault         Tloc           10%        N/A       99%         5
 Storm Form               Tmut/Air       5%         N/A       100%        7


Dungeon Overview and Level Annotations

Branches:
Dungeon (5/15)             Temple (1/1) D:4

Altars:
Ashenzari
Cheibriados
Dithmenos
Elyvilon
Gozag
Hepliaklqana
Kikubaaqudgha
Nemelex Xobeh
Okawaru
Qazlal
Ru
Sif Muna
Trog
Uskayaw
Vehumet
Zin
The Shining One

Shops:
D:2 =*:*

Annotations:
D:5 Menkaure


Innate Abilities, Weirdness & Mutations

You have very sharp teeth.
Your uncanny sense of smell can sniff out nearby items.
Your experience applies equally to all skills.


Message History

You see here an iguana corpse.
An ufetubus is nearby!
Menkaure, Prince of Dust comes into view.
You closely miss the ufetubus.
You bite the ufetubus, but do no damage.
Menkaure shouts!
The ufetubus hits you but does no damage.
The ufetubus hits you.
You closely miss the ufetubus. The ufetubus barely misses you.
The ufetubus hits you but does no damage.
The ufetubus misses you. The ufetubus closely misses you.
Menkaure calls on the powers of darkness!
Your body is wracked with pain!
You miss the ufetubus.
The ufetubus hits you but does no damage.
The ufetubus completely misses you.
Menkaure gestures wildly while chanting.
Menkaure seems to speed up.
The ufetubus hits you. The ufetubus barely misses you.
Okay, then.
It was a potion of degeneration.
There was something very wrong with that liquid.
You feel weakened.
You feel dopey.
You feel clumsy. The ufetubus closely misses you.
The ufetubus hits you but does no damage.
The ufetubus hits you but does no damage.
The ufetubus hits you.
You miss the ufetubus.
The ufetubus hits you but does no damage.
The ufetubus barely misses you. The ufetubus closely misses you.
The ufetubus hits you but does no damage.
You miss the ufetubus. The ufetubus barely misses you.
The ufetubus closely misses you.
You puncture the ufetubus!
You kill the ufetubus!
Cheibriados thoroughly appreciates the change of pace.
Menkaure giggles, "These cerements are ticklish..."
Menkaure hits you!
You hit Menkaure but do no damage. Menkaure hits you!!
You die...

##.##†.##.# #.#.# ##
.......##.....# #...# #
.......#......# ###.####
.......###.#..# #......
....... #(#.#### #..####
....... ###.##.# #..# #
....... #.##.###..####
.......#####....##......#
#.M@.......##......#
#.##.##.#####....... #.
#.##.# #....... .. ......
#....... ...#####...
......... ....
#..........### #....
#.#....##### # .....
..#...#


You could see Menkaure (fast).

Vanquished Creatures
  A black bear (D:4)
  An ice beast (D:5)
  A centaur (D:5)
  2 scorpions
  A water moccasin skeleton (D:4)
  A hound (D:5)
  An orc priest (D:3)
  An iguana (D:5)
  An orc wizard (D:3)
  A hound skeleton (D:4)
  4 adders
  An ufetubus (D:5)
  An adder skeleton (D:4)
  3 worms
  A dart slug (D:3)
  8 orcs
  6 ball pythons
  3 bats
  10 endoplasms
  6 giant cockroaches
  4 goblins
  7 hobgoblins
  9 jackals
  3 quokkas
  4 frilled lizards
  7 kobolds
  9 rats
97 creatures vanquished.

Vanquished Creatures (others)
  5 foxfires (D:4)
5 creatures vanquished.

Grand Total: 102 creatures vanquished

Notes
Turn   | Place    | Note
-------+----------+-------------------------------------------
     0 | D:1      | ZombieSheep the Gnoll Wanderer began the quest for the Orb.
     0 | D:1      | ZombieSheep set off with the following items: a +2 spear, a
                  | piece from Xom's chessboard (15/15), a +0 robe, a +0
                  | dagger; and the following spell memorised: Foxfire; and the
                  | following spells available to memorise: Conjure Flame
     0 | D:1      | Reached XP level 1. HP: 20/20 MP: 4/4
   207 | D:1      | Reached XP level 2. HP: 26/26 MP: 5/5
   618 | D:1      | Reached XP level 3. HP: 29/31 MP: 7/7
   814 | D:1      | Reached skill level 6 in Stealth
  1039 | D:2      | Reached skill level 1 in Invocations
  1080 | D:2      | Found Irosheuh's Assorted Antiques.
  1085 | D:2      | Found a faded altar of an unknown god.
  1088 | D:2      | Found Ufauto's Book Shoppe.
  1124 | D:2      | Reached skill level 1 in Short Blades
  1124 | D:2      | Reached skill level 1 in Long Blades
  1124 | D:2      | Reached skill level 1 in Axes
  1124 | D:2      | Reached skill level 1 in Maces & Flails
  1124 | D:2      | Reached skill level 1 in Polearms
  1124 | D:2      | Reached skill level 1 in Staves
  1124 | D:2      | Reached skill level 1 in Slings
  1124 | D:2      | Reached skill level 1 in Bows
  1124 | D:2      | Reached skill level 1 in Crossbows
  1124 | D:2      | Reached skill level 1 in Throwing
  1124 | D:2      | Reached skill level 1 in Armour
  1124 | D:2      | Reached skill level 1 in Shields
  1124 | D:2      | Reached skill level 1 in Unarmed Combat
  1349 | D:2      | Reached XP level 4. HP: 36/38 MP: 8/8
  1379 | D:2      | Found Duoseiss's Assorted Antiques.
  1401 | D:2      | Found Vuremaf's Jewellery Emporium.
  1872 | D:3      | Reached skill level 1 in Summonings
  1872 | D:3      | Reached skill level 1 in Necromancy
  1872 | D:3      | Reached skill level 1 in Translocations
  1872 | D:3      | Reached skill level 1 in Transmutations
  1872 | D:3      | Reached skill level 1 in Fire Magic
  1872 | D:3      | Reached skill level 1 in Ice Magic
  1872 | D:3      | Reached skill level 1 in Air Magic
  1872 | D:3      | Reached skill level 1 in Earth Magic
  1872 | D:3      | Reached skill level 1 in Poison Magic
  2177 | D:3      | Reached XP level 5. HP: 41/43 MP: 7/9
  2669 | D:3      | Reached XP level 6. HP: 50/50 MP: 10/10
  3046 | D:4      | Reached skill level 5 in Fighting
  3086 | D:4      | Noticed a black bear
  3103 | D:4      | Killed a black bear
  3810 | D:4      | Found a staircase to the Ecumenical Temple.
  3819 | Temple   | Entered the Ecumenical Temple
  4002 | Temple   | Became a worshipper of Cheibriados the Contemplative
  4082 | D:4      | Reached XP level 7. HP: 40/56 MP: 8/12
  4275 | D:5      | Entered Level 5 of the Dungeon
  4362 | D:5      | Found a bloodstained altar of Trog.
  4877 | D:5      | Identified the +7 trident of the Madman {vamp, rC+++ MP-9
                  | Int+4 SInv}
  4921 | D:5      | Noticed Menkaure
  4930 | D:5      | Slain by Menkaure

Illustrated notes

Levels and vault maps discovered:
D:1:      co_arrival_random_square_maze, layout_basic
D:2:      minmay_diamond_boxcup, layout_rooms, serial_shops, shop_fountains,
          nicolae_shop_crystal, shop, shop, ebering_ecumenical_altar_petrified
D:3:      kennysheep_big_flooded_room, layout_loops_ring, minivault_4
D:4:      layout_loops_cross, minmay_temple_entry_drinking_statues
D:5:      layout_basic, trog_book, uniq_menkaure, uniq_sigmund
Temple:   roderic_octagonal_lattice_temple

Skill      XL: |  1  2  3  4  5  6  7 |
---------------+----------------------+-----
Conjurations   | 2 3 |  3.0
Hexes          | 2 3 |  3.0
Stealth        | 6 |  6.5
Invocations    | 1 2 |  2.9
Short Blades   | 1 2 |  2.6
Long Blades    | 1 2 |  2.6
Axes           | 1 2 |  2.6
Maces & Flails | 1 2 |  2.6
Polearms       | 1 2 |  2.6
Staves         | 1 2 |  2.6
Slings         | 1 2 |  2.6
Bows           | 1 2 |  2.6
Crossbows      | 1 2 |  2.6
Throwing       | 1 2 |  2.6
Armour         | 1 2 |  2.6
Shields        | 1 2 |  2.6
Unarmed Combat | 1 2 |  2.6
Spellcasting   | 3 |  3.9
Summonings     | 1 2 |  2.1
Necromancy     | 1 2 |  2.1
Translocations | 1 2 |  2.1
Transmutations | 1 2 |  2.1
Fire Magic     | 1 2 |  2.1
Ice Magic      | 1 2 |  2.1
Air Magic      | 1 2 |  2.1
Earth Magic    | 1 2 |  2.1
Poison Magic   | 1 2 |  2.1
Dodging        | 3 |  3.7
Evocations     | 3 |  3.7
Fighting       | 5 |  5.3

Action                   |  1- 3 |  4- 6 |  7- 9 || total
-------------------------+-------+-------+-------++-------
Melee: Spear             |   107 |   185 |    46 ||   338
       Bite              |     6 |    16 |     4 ||    26
       Punch             |       |     2 |     1 ||     3
       Trident           |       |       |    12 ||    12
Throw: Javelin           |     2 |    10 |       ||    12
       Boomerang         |       |    14 |       ||    14
 Cast: Foxfire           |       |     3 |       ||     3
Evoke: Wand              |       |       |     2 ||     2
  Use: Scroll            |     4 |     3 |     3 ||    10
       Potion            |       |     1 |     1 ||     2
 Stab: Sleeping          |    10 |     5 |     1 ||    16
       Distracted        |     1 |       |       ||     1
Armor: Robe              |    16 |       |       ||    16
       Ring mail         |     5 |    54 |    34 ||    93
Dodge: Dodged            |    54 |   113 |    45 ||   212
